 Dungeon Crawl Stone Soup version 0.20.1-1-g8b1a95d (webtiles) character file.

128 Jukra the Skirmisher (level 4, -1/38 HPs)
             Began as a Demonspawn Abyssal Knight on Aug 7, 2017.
             Was a Believer of Lugonu.
             Slain by a hobgoblin (4 damage)
             ... on level 3 of the Dungeon.
             The game lasted 00:11:36 (2464 turns).

Jukra the Skirmisher (Demonspawn Abyssal Knight)    Turns: 2464, Time: 00:11:37

Health: -1/38      AC: 13    Str: 13    XL:     4   Next: 87%
Magic:  5/5        EV:  3    Int: 14    God:    Lugonu [**....]
Gold:   92         SH:  0    Dex: 12    Spells: 3/3 levels left

rFire    . . .     SeeInvis .   a - +1 spear
rCold    . . .     Gourm    .   (no shield)
rNeg     + . .     Faith    .   h - +0 plate armour
rPois    .         Spirit   .   i - +1 hat
rElec    .         Reflect  .   (no cloak)
rCorr    .         Harm     .   (no gloves)
MR       .....                  (no boots)
Stlth    ..........             (no amulet)
Regen    0.2/turn               l - ring of positive energy
MPRegen  0.1/turn               (no ring)

@: no status effects
A: rugged brown scales 1, rot immunity
a: Depart the Abyss, Bend Space, Renounce Religion


You were on level 3 of the Dungeon.
You worshipped Lugonu.
Lugonu was pleased with you.
You were not hungry.

You visited 1 branch of the dungeon, and saw 3 of its levels.
You visited the Abyss 1 time.

You collected 92 gold pieces.

Inventory:

Hand Weapons
 a - a +1 spear (weapon)
 k - a +0 trident
 m - a +0 mace
 n - a +0 spear
 o - a +0 spear
Armour
 b - a +0 leather armour
 h - a +0 plate armour (worn)
 i - a +1 hat (worn)
 j - a +0 robe
 s - a +0 ring mail
Jewellery
 l - a ring of positive energy (left hand)
Scrolls
 d - 2 scrolls of blinking {unknown}
 f - 2 scrolls of identify
 g - 3 scrolls of teleportation {unknown}
 q - a scroll of remove curse {unknown}
 t - a scroll of magic mapping {unknown}
Potions
 e - a potion of cancellation {unknown}
 u - a potion of berserk rage {unknown}
Comestibles
 c - 2 bread rations
 p - a royal jelly
 r - a fruit


   Skills:
 + Level 4.2 Fighting
 + Level 3.0 Polearms
 + Level 2.7 Armour
 + Level 0.8 Dodging
 + Level 2.5 Invocations


You had 3 spell levels left.
You didn't know any spells.

Dungeon Overview and Level Annotations

Branches:
Dungeon (3/15)

Altars:
Ashenzari
Hepliaklqana
Xom


Innate Abilities, Weirdness & Mutations

You are partially covered in rugged brown scales. (AC +1, +3% HP)
You are immune to rotting.


Message History

The kobold hits you but does no damage. The gnoll hits you with a spear.
* * * LOW HITPOINT WARNING * * *
The hobgoblin hits you but does no damage.
The kobold hits you but does no damage. x2
You closely miss the kobold. The hobgoblin hits you with a club.
* * * LOW HITPOINT WARNING * * *
The big kobold hits you but does no damage.
The kobold hits you but does no damage. The gnoll hits you but does no damage.
The hobgoblin hits you but does no damage.
You hit the kobold.
The kobold is heavily wounded.
The kobold hits you with a short sword.
* * * LOW HITPOINT WARNING * * *
The kobold hits you but does no damage.
The hobgoblin hits you but does no damage.
The big kobold hits you but does no damage.
The kobold hits you.
* * * LOW HITPOINT WARNING * * *
The hobgoblin hits you.
You die...

# #.
################ #.
#..............# #$.
#..............+
#K##..............##
#KgKK..# #.....
#gK@(.(# #.....
#.ggK(.########.....
#+##..(((.........##
#..............+
#(..(..........#
#################
≈≈≈≈ ≈≈≈≈ ≈≈≈≈


You could see 3 big kobolds, a gnoll, 3 hobgoblins and 3 kobolds.

Vanquished Creatures
  7 adders
  3 worms
  5 dart slugs
  A leopard gecko (D:1)
  2 bats
  4 giant cockroaches
  5 goblins
  5 hobgoblins
  14 kobolds
  4 frilled lizards (D:2)
  4 rats
54 creatures vanquished.

Notes
Turn   | Place    | Note
-------+----------+-------------------------------------------
     0 | Abyss:1  | Jukra the Demonspawn Abyssal Knight began the quest for the Orb.
     0 | Abyss:1  | Reached XP level 1. HP: 18/18 MP: 2/2
    43 | Abyss:1  | Noticed a storm dragon skeleton
    45 | Abyss:1  | Noticed a raiju
    54 | Abyss:1  | Noticed a starcursed mass
    56 | Abyss:1  | Noticed a large abomination
    62 | D:1      | Escaped the Abyss
   318 | D:1      | Noticed an electric eel
   318 | D:1      | Noticed an electric eel
   392 | D:1      | Reached * piety under Lugonu
   392 | D:1      | Gained mutation: You are partially covered in rugged brown scales. (AC +1, +3% HP) [demonic ancestry]
   392 | D:1      | Reached XP level 2. HP: 17/24 MP: 3/3
  1053 | D:2      | Reached XP level 3. HP: 29/29 MP: 4/4
  1087 | D:2      | Reached skill level 4 in Fighting
  1346 | D:2      | Gained mutation: You are immune to rotting. [demonic ancestry]
  1346 | D:2      | Reached XP level 4. HP: 34/38 MP: 5/5
  1602 | D:2      | Found a hazy altar of Hepliaklqana.
  1603 | D:2      | Found a shimmering altar of Xom.
  1603 | D:2      | Noticed a hell beast
  1770 | D:2      | Noticed a hell beast
  1770 | D:2      | Noticed a spectral ugly thing
  1872 | D:2      | Reached ** piety under Lugonu
  2274 | D:3      | Found a shattered altar of Ashenzari.
  2437 | D:3      | Noticed a big kobold
  2441 | D:3      | Noticed a big kobold
  2445 | D:3      | Noticed a big kobold
  2464 | D:3      | Slain by a hobgoblin

Skill      XL: |  1  2  3  4 |
---------------+-------------+-----
Polearms       | 2 3 |  3.0
Armour         | 2 |  2.7
Fighting       | 4 |  4.2
Dodging        | |  0.8
Invocations    | |  2.5

Action                   |  1- 3 |  4- 6 || total
-------------------------+-------+-------++-------
Melee: Spear             |   121 |   135 ||   256
Invok: Depart the Abyss  |     1 |       ||     1
  Use: Scroll            |     3 |       ||     3
       Potion            |     2 |       ||     2
  Eat: Royal jelly       |     1 |       ||     1
       Chunk             |       |     2 ||     2
       Bread ration      |       |     1 ||     1
Armor: Leather armour    |     8 |       ||     8
       Plate armour      |    86 |   167 ||   253
Dodge: Dodged            |    16 |    28 ||    44
